 Dungeon Crawl Stone Soup version 0.24.0-123-gd5b16e6ec5 (webtiles) character file.

Game seed: 9789205778997560246, levelgen mode: deterministic

25 AuftragZ the Charmwright (level 2, -1/24 HPs)
             Began as a Draconian Skald on Jan 28, 2020.
             Killed from afar by a white imp (5 damage)
             ... with a puff of frost
             ... summoned by Natasha
             ... on level 2 of the Dungeon.
             The game lasted 00:02:59 (1001 turns).

AuftragZ the Charmwright (Draconian Skald)          Turns: 1001, Time: 00:03:00

Health: -1/24      AC:  4    Str: 13    XL:     2   Next: 82%
Magic:  3/5        EV: 12    Int: 13    God:
Gold:   55         SH:  0    Dex: 10    Spells: 2/5 levels left

rFire    . . .     SeeInvis .   f - +2 dagger (holy)
rCold    . . .     Gourm    .   (no shield)
rNeg     . . .     Faith    .   (armour unavailable)
rPois    .         Spirit   .   (helmet restricted)
rElec    .         Reflect  .   (no cloak)
rCorr    .         Harm     .   (no gloves)
MR       .....                  (no boots)
Stlth    +.........             (no amulet)
HPRegen  0.08/turn              (no ring)
MPRegen  0.09/turn              (no ring)

@: singing, slowed, very slow
A: unfitting armour, cold-blooded, AC +4
a: no special abilities


You were on level 2 of the Dungeon.
You were not hungry.

You visited 1 branch of the dungeon, and saw 2 of its levels.

You collected 55 gold pieces.

Inventory:

Hand Weapons
 f - a +2 dagger of holy wrath (weapon)
Missiles
 e - 5 poisoned darts (quivered)
Scrolls
 b - a scroll of magic mapping
Potions
 a - a potion of curing {unknown}
Comestibles
 c - a ration


   Skills:
 + Level 2.3 Fighting
 + Level 0.2 Short Blades
   Level 2.1 Axes
 + Level 2.4 Dodging
 + Level 0.4 Stealth
 + Level 2.3 Spellcasting
 + Level 3.0 Charms


You had 2 spell levels left.
You knew the following spells:

 Your Spells              Type           Power        Failure   Level  Hunger
a - Infusion              Chrm           #...         7%          1    #......
b - Song of Slaying       Chrm           #.......     11%         2    ###....

Your spell library contained the following spells:

 Spells                   Type           Power        Failure   Level  Hunger
 Shroud of Golubria       Chrm/Tloc      #.....       21%         2    ###....
 Regeneration             Chrm/Necr      #.........   36%         3    ###....
 Spectral Weapon          Hex/Chrm       #.......     36%         3    ###....


Dungeon Overview and Level Annotations

Branches:
Dungeon (2/15)

Altars:

Annotations:
D:2 Natasha


Innate Abilities, Weirdness & Mutations

Your plain brown scales are hard. (AC +4)
You cannot fit into any form of body armour.
You are cold-blooded and may be slowed by cold attacks.


Message History

Casting: Song of Slaying (safe; 11% risk of failure)
Confirm with . or Enter, or press ? or * to list all spells.
You start singing a song of slaying.
Natasha casts a spell.
The giant cockroach misses you. The white imp barely misses you.
You hit the giant cockroach.
You kill the giant cockroach!
Natasha stares at you and mumbles some strange words.
The magic dart hits you.
The white imp hits you but does no damage.
The crimson imp blinks!
You closely miss Natasha. Natasha barely misses you. The white imp hits you.
The white imp freezes you.
You feel yourself slow down.
* * * LOW HITPOINT WARNING * * *
The crimson imp hits you.
* * * LOW HITPOINT WARNING * * *
You closely miss Natasha. Natasha barely misses you.
The white imp gestures at you. The puff of frost hits you.
You die...

#...........
..........
#.....?..#
##........##
#.....w....#
#..........#
#.....h5...###
#.....@†...[.#
#...<..5...#..
##........##
##......##
########


You could see a worm, Natasha, a crimson imp and a white imp.

Vanquished Creatures
  A dart slug (D:1)
  A giant cockroach (D:2)
  4 goblins (D:1)
  3 hobgoblins (D:1)
  4 jackals (D:1)
  2 kobolds (D:1)
  2 bats (D:1)
  2 frilled lizards (D:1)
  A rat (D:1)
20 creatures vanquished.

Notes
Turn   | Place    | Note
-------+----------+-------------------------------------------
     0 | D:1      | AuftragZ the Draconian Skald began the quest for the Orb.
     0 | D:1      | Reached XP level 1. HP: 17/17 MP: 3/3
   269 | D:1      | Reached XP level 2. HP: 24/24 MP: 5/5
   295 | D:1      | Learned a level 2 spell: Song of Slaying
   832 | D:1      | Reached skill level 3 in Charms
   992 | D:2      | Noticed Natasha
   999 | D:2      | Noticed a crimson imp
  1001 | D:2      | Killed from afar by a white imp

Levels and vault maps discovered:
D:1:      kennysheep_arrival_forest, layout_loops_ring
D:2:      layout_rooms, kennysheep_small_spiral, uniq_natasha

Skill      XL: |  1  2 |
---------------+-------+-----
Charms         | 3 |  3.0
Fighting       | |  2.3
Short Blades   | |  0.2
Axes           | |  2.1
Dodging        | |  2.4
Stealth        | |  0.4
Spellcasting   | |  2.3

Action                   || total
-------------------------++-------
Melee: Hand axe          ||    22
       Dagger            ||    30
       Tailslap          ||     3
Throw: Dart              ||     3
 Cast: Song of Slaying   ||     3
       Infusion          ||     1
  Use: Scroll            ||     4
       Potion            ||     2
Armor: Skin              ||    13
Dodge: Dodged            ||    40
